 Dungeon Crawl Stone Soup version 0.25-a0-591-g2ad0d861f1 (webtiles) character file.

Game seed: 12839783281437839980, levelgen mode: deterministic

172 An17 the Ruffian (level 5, -4/40 HPs)
             Began as a Draconian Transmuter on Mar 14, 2020.
             Was a Follower of Cheibriados.
             Slain by a phantom (8 damage)
             ... on level 4 of the Dungeon.
             The game lasted 00:05:23 (1324 turns).

An17 the Ruffian (Draconian Transmuter)             Turns: 1324, Time: 00:05:23

Health: -4/40      AC:  5    Str: 15    XL:     5   Next: 27%
Magic:  7/9        EV: 13    Int: 18    God:    Cheibriados [*.....]
Gold:   29         SH:  0    Dex: 14    Spells: 3/9 levels left

rFire    . . .     SeeInvis .     - Unarmed
rCold    . . .     Gourm    .   (no shield)
rNeg     . . .     Faith    .   (armour unavailable)
rPois    .         Spirit   .   (helmet restricted)
rElec    .         Reflect  .   (no cloak)
rCorr    .         Harm     .   (no gloves)
MR       .....                  (no boots)
Stlth    ..........             (no amulet)
HPRegen  0.13/turn              b - ring of attention (curse)
MPRegen  0.11/turn              (no ring)

@: very slow
A: unfitting armour, cold-blooded, AC +5
a: Bend Time, Renounce Religion


You were on level 4 of the Dungeon.
You worshipped Cheibriados.
Cheibriados was aware of your devotion.
You were not hungry.

You visited 1 branch of the dungeon, and saw 4 of its levels.

You collected 29 gold pieces.

Inventory:

Missiles
 a - 45 arrows
Jewellery
 b - a cursed ring of attention (left hand)
Scrolls
 g - a scroll of random uselessness {unknown}
 h - a scroll of magic mapping {unknown}
Potions
 d - a potion of flight
 e - a potion of might {unknown}
 f - 2 potions of curing
Comestibles
 c - 2 rations


   Skills:
 + Level 1.4 Fighting
 + Level 3.0 Dodging
 + Level 0.3 Stealth
 + Level 4.2 Unarmed Combat
 + Level 2.8 Spellcasting
 + Level 2.6 Transmutations
 + Level 0.2 Poison Magic


You had 3 spell levels left.
You knew the following spells:

 Your Spells              Type           Power        Failure   Level  Hunger
a - Beastly Appendage     Tmut           ##....       5%          1    None
b - Sticks to Snakes      Tmut           ##......     9%          2    ##.....
c - Spider Form           Tmut/Pois      #.........   28%         3    ###....

Your spell library contained the following spells:

 Spells                   Type           Power        Failure   Level  Hunger
 Ice Form                 Ice/Tmut       #.......     67%         4    ####...
 Blade Hands              Tmut           ##........   83%         5    ######.


Dungeon Overview and Level Annotations

Branches:
Dungeon (3/15)

Altars:
Cheibriados
Makhleb
Uskayaw

Shops:
D:4 }*


Innate Abilities, Weirdness & Mutations

Your plain brown scales are hard. (AC +5)
You cannot fit into any form of body armour.
You are cold-blooded and may be slowed by cold attacks.


Message History

You hit the phantom but do no damage.
The phantom is lightly damaged.
The phantom hits you.
* * * LOW HITPOINT WARNING * * *
You bite the phantom!
The phantom is moderately damaged.
The phantom completely misses you.
You hit the phantom.
The phantom is moderately damaged.
The phantom hits you!
* * * LOW HITPOINT WARNING * * *
You hit the phantom.
The phantom is heavily damaged.
The phantom closely misses you.
You closely miss the phantom.
The phantom is heavily damaged.
The phantom completely misses you.
Your transformation has ended.
The phantom hits you!
You die...

#.########.# #.#
#.# #.# #†# ##.#
#.# ...# #.# ####
#.# # ###### #.#
#####.# .....#
#.#.####......
.###.#
####.#.#.@......#
.# #.#
#........W..#####
.# #.#
#.######....# †#
#.# #.# ####.♣# .#
#.# #.# #..# .#
#.# #.# #♣∩♣ .#
#)###.#########..#
##
#...............♣#
#
#.._..###########


You could see a phantom.

Vanquished Creatures
  2 worker ants (D:4)
  3 gnolls (D:3)
  2 adders (D:2)
  2 oozes
  2 worms (D:2)
  2 dart slugs (D:2)
  2 leopard geckos
  5 orcs (D:3)
  5 bats
  3 giant cockroaches
  4 goblins
  5 hobgoblins
  3 jackals (D:4)
  4 frilled lizards (D:2)
  A jackal skeleton (D:4)
  5 kobolds
  A quokka skeleton (D:4)
  5 rats
56 creatures vanquished.

Vanquished Creatures (others)
  A bullfrog (D:4)
  A scorpion (D:4)
  An iguana (D:4)
  A worker ant (D:4)
  A quokka (D:4)
5 creatures vanquished.

Grand Total: 61 creatures vanquished

Notes
Turn   | Place    | Note
-------+----------+-------------------------------------------
     0 | D:1      | An17 the Draconian Transmuter began the quest for the Orb.
     0 | D:1      | Reached XP level 1. HP: 16/16 MP: 3/3
    75 | D:1      | Reached XP level 2. HP: 23/23 MP: 3/5
    79 | D:1      | Learned a level 2 spell: Sticks to Snakes
   397 | D:2      | Reached XP level 3. HP: 21/28 MP: 6/6
   409 | D:2      | Found a snail-covered altar of Cheibriados.
   412 | D:2      | Became a worshipper of Cheibriados the Contemplative
   418 | D:2      | Learned a level 3 spell: Spider Form
   997 | D:3      | Reached XP level 4. HP: 35/35 MP: 5/7
  1014 | D:3      | Found a hide-covered altar of Uskayaw.
  1047 | D:3      | Reached * piety under Cheibriados
  1106 | D:3      | You fall into a shaft and drop 1 floor!
  1110 | D:4      | Reached skill level 4 in Unarmed Combat
  1110 | D:4      | Reached XP level 5. HP: 28/40 MP: 3/9
  1181 | D:4      | Found Revat's Gadget Shoppe.
  1271 | D:4      | Found a burning altar of Makhleb.
  1303 | D:4      | Found Eggacoj's General Store.
  1308 | D:4      | Noticed a phantom
  1324 | D:4      | Slain by a phantom

Levels and vault maps discovered:
D:1:      lightli_arrival_chessboard, layout_rooms
D:2:      layout_loops_ring, marbit_many_paths, chequers_serial_rivers_micro_b
D:3:      layout_basic, grunt_temple_overflow_opulence,
          lemuel_coloured_pillars_altar, lemuel_doored_altar,
          old_standard_altar, first_ration, chequers_ecumenical_altar_simple,
          kennysheep_pointless_box
D:4:      layout_loops_ring, bloody_makhleb, xom_confusion_cloud, serial_shops,
          shop, nicolae_shop_trees, nicolae_shop_stone, tgw_fedhas

Skill      XL: |  1  2  3  4  5 |
---------------+----------------+-----
Dodging        | 2 3 |  3.0
Unarmed Combat | 4 |  4.2
Fighting       | |  1.4
Stealth        | |  0.3
Spellcasting   | |  2.8
Transmutations | |  2.6
Poison Magic   | |  0.2

Action                   |  1- 3 |  4- 6 || total
-------------------------+-------+-------++-------
Melee: Unarmed           |   118 |    73 ||   191
       Kick              |    12 |       ||    12
       Tailslap          |     5 |     5 ||    10
       Headbutt          |     5 |       ||     5
       Punch             |     1 |       ||     1
 Cast: Beastly Appendage |    12 |     1 ||    13
       Spider Form       |       |     6 ||     6
  Use: Scroll            |     6 |       ||     6
 Stab: Sleeping          |     1 |       ||     1
  Eat: Ration            |     1 |       ||     1
Armor: Skin              |    44 |     8 ||    52
Dodge: Dodged            |   103 |    62 ||   165

Table legend:
 A = Non-vault XP
 B = Vault XP
 C = Vault XP percentage of total XP
 D = Non-vault monster count
 E = Vault monster count
 F = Vault count percentage of total count
                 A         B        C        D         E       F
            +---------+---------+-------+---------+---------+-------
      Total |     241 |       5 |   2.0 |      55 |       1 |   1.8
            +---------+---------+-------+---------+---------+-------
        D:1 |      18 |       0 |   0.0 |      11 |       0 |   0.0
        D:2 |      62 |       5 |   7.5 |      21 |       1 |   4.5
        D:3 |      74 |       0 |   0.0 |      14 |       0 |   0.0
        D:4 |      87 |       0 |   0.0 |       9 |       0 |   0.0
            +---------+---------+-------+---------+---------+-------
